3AAA
WICHITA OUTRIDERS @ GRYFINDOR BRAVES
08/30/2017
 
TOP OF THE 1ST
Wichita Outriders batting - Pitching for Gryfindor Braves : LHP Floyd Oglethorpe
Pitching: LHP Floyd Oglethorpe
Batting: SHB Ken Osborne 0-0: Swinging Strike
0-1: Foul Ball, location: 2F
0-2: Ball
1-2: Foul Ball, location: 2F
1-2: Ball
2-2: SINGLE (Flyball, 9S)
Batting: RHB Bobby Christopher 0-0: Foul Ball, location: 2F
0-1: Ball
1-1: Ball
2-1: SINGLE (Line Drive, 4D)
Ken Osborne to second
Batting: LHB Denny Young 0-0: Ground out 4-3 (Groundball, 6M)
Ken Osborne to third
Bobby Christopher to second
Batting: LHB Lonnie Austin 0-0: Ball
1-0: Ball
2-0: Ball
3-0: Called Strike
3-1: Fly out, F7 (Flyball, 7M)
Runner from 3rd tags up, SCORES, no throw
Batting: RHB António Prieto 0-0: Called Strike
0-1: Ball
1-1: Ball
2-1: Swinging Strike
2-2: Foul Ball, location: 2F
2-2: Fly out, F9 (Flyball, 89M)
Top of the 1st over - 1 run(s), 2 hit(s), 0 error(s), 1 left on base; Wichita 1 - Gryfindor 0
BOTTOM OF THE 1ST
Gryfindor Braves batting - Pitching for Wichita Outriders : RHP Jim Unknown
Pitching: RHP Jim Unknown
Batting: RHB Jim Unknown 0-0: Ball
1-0: Ball
2-0: Ball
3-0: Base on Balls
Batting: RHB Jim Unknown 0-0: Foul Ball, location: 2F
0-1: Swinging Strike
0-2: Grounds into double play, 6-4-3 (Groundball, 6)
Batting: RHB Manuel González 0-0: Called Strike
0-1: Swinging Strike
0-2: Foul Ball, location: 2F
0-2: Ball
1-2: Foul Ball, location: 2F
1-2: Ball
2-2: DOUBLE (Line Drive, 9M)
Batting: RHB Jim Unknown 0-0: Ground out 6-3 (Groundball, 6)
Bottom of the 1st over - 0 run(s), 1 hit(s), 0 error(s), 1 left on base; Wichita 1 - Gryfindor 0
TOP OF THE 2ND
Wichita Outriders batting - Pitching for Gryfindor Braves : LHP Floyd Oglethorpe
Batting: RHB Chris Green 0-0: Ball
1-0: Foul Ball, location: 2F
1-1: SINGLE (Groundball, 6MD)
Batting: LHB Mike Parker 0-0: Ball
1-0: Ball
2-0: Foul Ball, location: 2F
2-1: Grounds into double play, 4-6-3 (Groundball, 4)
Batting: RHB Jonah Moody 0-0: Ball
1-0: Fly out, F4 (Popup, 34D)
Top of the 2nd over - 0 run(s), 1 hit(s), 0 error(s), 0 left on base; Wichita 1 - Gryfindor 0
BOTTOM OF THE 2ND
Gryfindor Braves batting - Pitching for Wichita Outriders : RHP Jim Unknown
Batting: RHB Kyle Wilson 0-0: SOLO HOME RUN (Flyball, 7D), Distance : 395 ft
Batting: RHB Jim Unknown 0-0: Ball
1-0: Called Strike
1-1: Foul Ball, location: 2F
1-2: Ball
2-2: Fly out, F8 (Flyball, 8RS)
Batting: RHB Jim Unknown 0-0: Foul Ball, location: 2F
0-1: Ground out U3 (Groundball, 3S)
Batting: RHB Jim Unknown 0-0: Swinging Strike
0-1: DOUBLE (Line Drive, 9LM)
Batting: RHB José Casarreal 0-0: Foul Ball, location: 2F
0-1: Ball
1-1: Ball
2-1: Ball
3-1: Ground out 4-3 (Groundball, 4)
Bottom of the 2nd over - 1 run(s), 2 hit(s), 0 error(s), 1 left on base; Wichita 1 - Gryfindor 1
TOP OF THE 3RD
Wichita Outriders batting - Pitching for Gryfindor Braves : LHP Floyd Oglethorpe
Batting: SHB Felipe González 0-0: Ground out 6-3 (Groundball, 6)
Batting: SHB Ken Osborne 0-0: Ball
1-0: Ball
2-0: Called Strike
2-1: Fly out, F8 (Flyball, 8LM)
Batting: RHB Bobby Christopher 0-0: Foul Ball, location: 2F
0-1: Called Strike
0-2: Foul Ball, location: 2F
0-2: Strikes out looking
Top of the 3rd over - 0 run(s), 0 hit(s), 0 error(s), 0 left on base; Wichita 1 - Gryfindor 1
BOTTOM OF THE 3RD
Gryfindor Braves batting - Pitching for Wichita Outriders : RHP Jim Unknown
Batting: RHB Jim Unknown 0-0: Called Strike
0-1: Ground out 5-3 (Groundball, 5)
Batting: RHB Jim Unknown 0-0: Foul Ball, location: 2F
0-1: Fly out, F9 (Flyball, 9D)
Batting: RHB Manuel González 0-0: Called Strike
0-1: Ball
1-1: Fly out, F6 (Popup, 6M)
Bottom of the 3rd over - 0 run(s), 0 hit(s), 0 error(s), 0 left on base; Wichita 1 - Gryfindor 1
TOP OF THE 4TH
Wichita Outriders batting - Pitching for Gryfindor Braves : LHP Floyd Oglethorpe
Batting: LHB Denny Young 0-0: Called Strike
0-1: Ball
1-1: Fly out, F9 (Flyball, 89S)
Batting: LHB Lonnie Austin 0-0: Ball
1-0: Foul Ball, location: 2F
1-1: Ball
2-1: SINGLE (Groundball, 34)
Batting: RHB António Prieto 0-0: Swinging Strike
0-1: Ball
1-1: Foul Ball, location: 2F
1-2: Strikes out looking
Batting: RHB Chris Green 0-0: Swinging Strike
0-1: Fielders Choice at 2nd, U4 (Groundball, 4M)
Top of the 4th over - 0 run(s), 1 hit(s), 0 error(s), 1 left on base; Wichita 1 - Gryfindor 1
BOTTOM OF THE 4TH
Gryfindor Braves batting - Pitching for Wichita Outriders : RHP Jim Unknown
Batting: RHB Jim Unknown 0-0: Fly out, F8 (Flyball, 8LM)
Batting: RHB Kyle Wilson 0-0: Ball
1-0: Ground out 6-3 (Groundball, 6M)
Batting: RHB Jim Unknown 0-0: Swinging Strike
0-1: Swinging Strike
0-2: Ball
1-2: Strikes out swinging
Bottom of the 4th over - 0 run(s), 0 hit(s), 0 error(s), 0 left on base; Wichita 1 - Gryfindor 1
TOP OF THE 5TH
Wichita Outriders batting - Pitching for Gryfindor Braves : LHP Floyd Oglethorpe
Batting: LHB Mike Parker 0-0: Ball
1-0: Swinging Strike
1-1: Ball
2-1: Ball
3-1: Fly out, F8 (Flyball, 8RM)
Batting: RHB Jonah Moody 0-0: Called Strike
0-1: Fly out, F7 (Flyball, 78S)
Batting: SHB Felipe González 0-0: Swinging Strike
0-1: Ball
1-1: Foul Ball, location: 2F
1-2: Ball
2-2: Foul Ball, location: 2F
2-2: Ball
3-2: SINGLE (Groundball, 34S)
Batting: SHB Ken Osborne 0-0: Called Strike
0-1: Swinging Strike
0-2: Ball
1-2: Strikes out swinging
Top of the 5th over - 0 run(s), 1 hit(s), 0 error(s), 1 left on base; Wichita 1 - Gryfindor 1
BOTTOM OF THE 5TH
Gryfindor Braves batting - Pitching for Wichita Outriders : RHP Jim Unknown
Batting: RHB Jim Unknown 0-0: Ball
1-0: Ground out 5-3 (Groundball, 15S)
Batting: RHB Jim Unknown 0-0: Ball
1-0: Ball
2-0: Called Strike
2-1: Called Strike
2-2: Reached on error, E6 (Groundball, 6)
Batting: RHB José Casarreal 0-0: Called Strike
0-1: Ball
1-1: Ball
2-1: Swinging Strike
2-2: Ball
3-2: Base on Balls
Jim Unknown to second
Batting: RHB Jim Unknown 0-0: SINGLE (Groundball, 6M)
Jim Unknown to third
José Casarreal to second
Runner from 3rd tries for Home, SAFE, no throw or cutoff
Batting: RHB Jim Unknown 0-0: Foul Ball, location: 2F
0-1: Foul Ball, location: 2F
0-2: Fly out, F9 (Flyball, 89D)
Runner from 2nd tags up, SAFE at 3rd, no throw
Batting: RHB Manuel González 0-0: Foul Ball, location: 2F
0-1: Ball
1-1: Ball
2-1: Foul Ball, location: 2F
2-2: SINGLE (Groundball, 6MD)
José Casarreal scores
Jim Unknown to second
Runner from 2nd tries for 3rd, SAFE, no throw or cutoff
Batting: RHB Jim Unknown 0-0: Called Strike
0-1: Foul Ball, location: 2F
0-2: Ball
1-2: Ground out 6-3 (Groundball, 6)
Bottom of the 5th over - 2 run(s), 2 hit(s), 1 error(s), 2 left on base; Wichita 1 - Gryfindor 3
TOP OF THE 6TH
Wichita Outriders batting - Pitching for Gryfindor Braves : LHP Floyd Oglethorpe
Batting: RHB Bobby Christopher 0-0: Ball
1-0: Called Strike
1-1: Ball
2-1: Called Strike
2-2: Ball
3-2: Reached on error, E1 (Groundball, 15)
Batting: LHB Denny Young 0-0: Ball
1-0: Grounds into double play, 4-6-3 (Groundball, 4)
Batting: LHB Lonnie Austin 0-0: Swinging Strike
0-1: Called Strike
0-2: Ball
1-2: Ball
2-2: Foul Ball, location: 2F
2-2: Ground out 4-3 (Groundball, 4M)
Top of the 6th over - 0 run(s), 0 hit(s), 1 error(s), 0 left on base; Wichita 1 - Gryfindor 3
BOTTOM OF THE 6TH
Gryfindor Braves batting - Pitching for Wichita Outriders : RHP Jim Unknown
Batting: RHB Kyle Wilson 0-0: Foul Ball, location: 2F
0-1: Called Strike
0-2: Ball
1-2: Strikes out looking
Batting: RHB Jim Unknown 0-0: Ball
1-0: Called Strike
1-1: Foul Ball, location: 2F
1-2: SINGLE (Groundball, 4MD)
Batting: RHB Jim Unknown 0-0: Ball
1-0: Called Strike
1-1: Ball
2-1: Ball
3-1: Base on Balls
Jim Unknown to second
Batting: RHB Jim Unknown 0-0: Ball
1-0: Called Strike
1-1: Ball
2-1: Grounds into double play, 4-6-3 (Groundball, 4M)
Bottom of the 6th over - 0 run(s), 1 hit(s), 0 error(s), 1 left on base; Wichita 1 - Gryfindor 3
TOP OF THE 7TH
Wichita Outriders batting - Pitching for Gryfindor Braves : LHP Floyd Oglethorpe
Batting: RHB António Prieto 0-0: Ground out 6-3 (Groundball, 6M)
Batting: RHB Chris Green 0-0: Ball
1-0: Ball
2-0: SOLO HOME RUN (Flyball, 7D), Distance : 369 ft
Batting: LHB Mike Parker 0-0: Hit by Pitch
Pitching: RHP Bill Wilson
Pinch Runner at 1st Jim Unknown:
Batting: RHB Jonah Moody 0-0: Ball
1-0: Ball
2-0: Called Strike
2-1: SINGLE (Flyball, 7S)
Jim Unknown to second
Batting: SHB Felipe González 0-0: Ball
1-0: Ground out 4-3 (Groundball, 4S)
Jim Unknown to third
Jonah Moody to second
Batting: SHB Ken Osborne 0-0: Ball
1-0: Ball
2-0: Called Strike
2-1: Ball
3-1: Foul Ball, location: 2F
3-2: Strikes out looking
Top of the 7th over - 1 run(s), 2 hit(s), 0 error(s), 2 left on base; Wichita 2 - Gryfindor 3
BOTTOM OF THE 7TH
Gryfindor Braves batting - Pitching for Wichita Outriders : RHP Jim Unknown
Now in LF: Jim Unknown
Batting: RHB José Casarreal 0-0: Ball
1-0: Called Strike
1-1: Ball
2-1: Ball
3-1: Base on Balls
Batting: RHB Jim Unknown 0-0: Bunted foul
0-1: Sac Bunt - play at first, batter OUT! 1-4
José Casarreal to second
Batting: RHB Jim Unknown 0-0: Ball
1-0: Foul Ball, location: 2F
1-1: Foul Ball, location: 2F
1-2: Ground out 6-3 (Groundball, 6)
Batting: RHB Manuel González 0-0: Ball
1-0: Called Strike
1-1: Foul Ball, location: 2F
1-2: Ball
2-2: Ground out 1-3 (Groundball, 13S)
Bottom of the 7th over - 0 run(s), 0 hit(s), 0 error(s), 1 left on base; Wichita 2 - Gryfindor 3
TOP OF THE 8TH
Wichita Outriders batting - Pitching for Gryfindor Braves : RHP Bill Wilson
Pitching: RHP Dale West
Batting: RHB Bobby Christopher 0-0: Ball
1-0: Ground out 4-3 (Groundball, 4M)
Batting: LHB Denny Young 0-0: Ball
1-0: Ground out U3 (Groundball, 3)
Batting: LHB Lonnie Austin 0-0: Called Strike
0-1: Ball
1-1: Called Strike
1-2: Ground out 6-3 (Groundball, 6M)
Top of the 8th over - 0 run(s), 0 hit(s), 0 error(s), 0 left on base; Wichita 2 - Gryfindor 3
BOTTOM OF THE 8TH
Gryfindor Braves batting - Pitching for Wichita Outriders : RHP Jim Unknown
Pitching: RHP Jim Unknown
Batting: RHB Jim Unknown 0-0: Called Strike
0-1: Fly out, F9 (Flyball, 9LM)
Batting: RHB Kyle Wilson 0-0: Ball
1-0: Called Strike
1-1: Ball
2-1: Ball
3-1: SINGLE (Groundball, 6MD)
Batting: RHB Jim Unknown 0-0: Called Strike
0-1: Fielders Choice at 2nd, 5-4 (Groundball, 5L)
Batting: RHB Jim Unknown 0-0: Ball
1-0: Ground out 5-3 (Groundball, 5L)
Bottom of the 8th over - 0 run(s), 1 hit(s), 0 error(s), 1 left on base; Wichita 2 - Gryfindor 3
TOP OF THE 9TH
Wichita Outriders batting - Pitching for Gryfindor Braves : RHP Dale West
Pitching: RHP Joe Benítez
Batting: RHB António Prieto 0-0: Foul Ball, location: 2F
0-1: DOUBLE (Line Drive, 7LM)
Batting: RHB Chris Green 0-0: Ball
1-0: Called Strike
1-1: Ball
2-1: Swinging Strike
2-2: Strikes out swinging
Pinch Hitting: LHB Herman Gilliland 0-0: Ball
1-0: Called Strike
1-1: Ball
2-1: Ball
3-1: Base on Balls
Batting: RHB Jonah Moody 0-0: Ball
1-0: Ball
2-0: Foul Ball, location: 2F
2-1: Ball
3-1: Called Strike
3-2: Foul Ball, location: 2F
3-2: DOUBLE (Line Drive, 7LM)
António Prieto scores
Herman Gilliland to third
Pinch Hitting: RHB Harry Simpson 0-0: Called Strike
0-1: Ball
1-1: Ball
2-1: Ball
3-1: DOUBLE (Line Drive, 7LS)
Herman Gilliland scores
Jonah Moody scores
Pitching: RHP Mike Pinhey
Batting: SHB Ken Osborne 0-0: Swinging Strike
0-1: Called Strike
0-2: Ground out U3 (Groundball, 3)
Harry Simpson to third
Batting: RHB Bobby Christopher 0-0: Called Strike
0-1: Ball
1-1: Fly out, F9 (Flyball, 9M)
Top of the 9th over - 3 run(s), 3 hit(s), 0 error(s), 1 left on base; Wichita 5 - Gryfindor 3
BOTTOM OF THE 9TH
Gryfindor Braves batting - Pitching for Wichita Outriders : RHP Jim Unknown
Pitching: RHP Jim Unknown
Now at 1B: Harry Simpson
Now in CF: Luis Rosa
Batting: RHB Jim Unknown 0-0: Ball
1-0: Ground out 6-3 (Groundball, 6)
Batting: RHB José Casarreal 0-0: Ball
1-0: Foul Ball, location: 2F
1-1: Foul Ball, location: 2F
1-2: Ball
2-2: DOUBLE (Popup, 8RS)
Batting: RHB Jim Unknown 0-0: Swinging Strike
0-1: Ball
1-1: Foul Ball, location: 2F
1-2: Foul Ball, location: 2F
1-2: Ground out 6-3 (Groundball, 6M)
José Casarreal to third
Batting: RHB Jim Unknown 0-0: Ball
1-0: Called Strike
1-1: Ball
2-1: Called Strike
2-2: Strikes out swinging
Bottom of the 9th over - 0 run(s), 1 hit(s), 0 error(s), 1 left on base; Wichita 5 - Gryfindor 3
This league is powered by Out of the Park Baseball, the baseball management simulation game for PC, Mac and Linux
Saturday, February 27th, 2021 - OOTP Baseball 15.6 Build 34